 Dungeon Crawl Stone Soup version 0.26-a0-542-gbaa144ba5c (webtiles) character file.

Game seed: 2196303511476883762

0 Gargoyl the Skirmisher (level 1, -7/23 HPs)
             Began as a Gnoll Abyssal Knight on Aug 18, 2020.
             Was a Follower of Lugonu.
             Mangled by a large abomination (30 damage)
             ... on level 2 of the Abyss.
             The game lasted 00:00:10 (48 turns).

Gargoyl the Skirmisher (Gnoll Abyssal Knight)         Turns: 48, Time: 00:00:11

Health: -7/23      AC:  3    Str: 14    XL:     1   Next: 0%
Magic:  3/3        EV: 12    Int: 14    God:    Lugonu [*.....]
Gold:   0          SH:  0    Dex: 14    Spells: 0/0 levels left

rFire    . . .     SeeInvis .   a - +1 hand axe
rCold    . . .     Faith    .   (no shield)
rNeg     . . .     Spirit   .   b - +0 leather armour
rPois    .         Reflect  .   (no helmet)
rElec    .         Harm     .   (no cloak)
rCorr    .                      (no gloves)
MR       .....                  (no boots)
Stlth    +.........             (no amulet)
HPRegen  0.07/turn              (no ring)
MPRegen  0.08/turn              (no ring)

@: stab
A: distributed training, fangs 1, strong nose
a: Depart the Abyss, Renounce Religion


You were on level 2 of the Abyss.
You worshipped Lugonu.
Lugonu was aware of your devotion.
You visited 0 branches of the dungeon, and saw 0 of its levels.
You visited the Abyss 1 time.

Inventory:

Hand Weapons
 a - a +1 hand axe (weapon)
Armour
 b - a +0 leather armour (worn)
Scrolls
 c - a scroll of teleportation {unknown}
 d - a scroll of identify {unknown}


   Skills:
 + Level 6.4 Fighting
 + Level 0.0 Short Blades
 + Level 0.0 Long Blades
 + Level 4.4 Axes
 + Level 0.0 Maces & Flails
 + Level 0.0 Polearms
 + Level 0.0 Staves
 + Level 0.0 Slings
 + Level 0.0 Bows
 + Level 0.0 Crossbows
 + Level 0.0 Throwing
 + Level 4.4 Armour
 + Level 2.3 Dodging
 + Level 0.0 Stealth
 + Level 0.0 Shields
 + Level 0.0 Unarmed Combat
 + Level 0.0 Spellcasting
 + Level 0.0 Conjurations
 + Level 0.0 Hexes
 + Level 0.0 Summonings
 + Level 0.0 Necromancy
 + Level 0.0 Translocations
 + Level 0.0 Transmutations
 + Level 0.0 Fire Magic
 + Level 0.0 Ice Magic
 + Level 0.0 Air Magic
 + Level 0.0 Earth Magic
 + Level 0.0 Poison Magic
 + Level 4.4 Invocations
 + Level 0.0 Evocations


You couldn't memorise any spells.
You didn't know any spells.
Your spell library was empty.

Dungeon Overview and Level Annotations

Branches:
Dungeon (0/15)

Altars:


Innate Abilities, Weirdness & Mutations

Your experience applies equally to all skills.
You have very sharp teeth.
Your uncanny sense of smell can sniff out nearby items.


Message History

You plunge deeper into the Abyss.
A tentacled monstrosity and 2 large abominations come into view.
Found 15 gold pieces and 16 poisoned darts.
A tentacled starspawn and a raiju come into view.
Found 21 bolts.
Tentacles burst from the starspawn's body! 2 starspawn tentacles come into view.
Found a scroll labeled CAKHOL NAIDYA.
A tentacled starspawn comes into view.
Found a scroll labeled KAHAHE GINUTS.
Tentacles burst from the starspawn's body! 2 starspawn tentacles come into view.
You see here a scroll labeled CAKHOL NAIDYA.
c - a scroll labeled CAKHOL NAIDYA The large abomination closely misses you.
You see here a scroll labeled KAHAHE GINUTS.
d - a scroll labeled KAHAHE GINUTS The large abomination hits you!!
Ouch! That really hurt!
You die...

. ......X. .##.. .
#.#.........#..###.
..... #.#.........
....#.... ..#.....
###.##............
#..Λ#.#.#..#..≈
.#....#....≈≈#.≈#
....#.#w####..≈.≈..
# ...#.─XX@##. #
#.## #.#..#...# ..
..#...##### #
..#.#.### #.# #.#.#
. .#.## #.# ##


You could see a tentacled starspawn, a large abomination and a starspawn
tentacle.

Vanquished Creatures (others)
  3 starspawn tentacles (Abyss:2)
3 creatures vanquished.

Notes
Turn   | Place    | Note
-------+----------+-------------------------------------------
     0 | Abyss:1  | Gargoyl the Gnoll Abyssal Knight began the quest for the
                  | Orb.
     0 | Abyss:1  | Reached XP level 1. HP: 23/23 MP: 3/3
    29 | Abyss:2  | Noticed a tentacled monstrosity
    29 | Abyss:2  | Noticed a large abomination
    29 | Abyss:2  | Noticed a large abomination
    30 | Abyss:2  | Noticed a raiju
    30 | Abyss:2  | Noticed a tentacled starspawn
    41 | Abyss:2  | Noticed a tentacled starspawn
    48 | Abyss:2  | Mangled by a large abomination

Illustrated notes

Levels and vault maps discovered:
Abyss:2:  minivault_28

Action                   || total
-------------------------++-------
  Use: Potion            ||     1
Dodge: Dodged            ||     1

Table legend: (Time is in decaauts)
 A = Elapsed time spent in this place.
 B = Non-inter-level travel time spent in this place.
 C = Inter-level travel time spent in this place.
 D = Time resting spent in this place.
 E = Time spent auto-exploring this place.
 F = Levels seen in this place.
 G = Mean time per level.
                   A        B        C        D        E       F      G
               +--------+--------+--------+--------+--------+-----+--------+
         Total |     47 |     47 |      0 |      0 |     23 |   2 |   23.5 |
         Abyss |     47 |     47 |      0 |      0 |     23 |   2 |   23.5 |
               +--------+--------+--------+--------+--------+-----+--------+

Top non-repeatable levels by time:
 Abyss:1: 29 daAuts
 Abyss:2: 18 daAuts
